PCL
SANTA MONICA BRUINS @ HOUSTON HAMMERTIME
07/16/2023
 
TOP OF THE 1ST
Santa Monica Bruins batting - Pitching for Houston Hammertime : LHP Martín Reyes
Pitching: LHP Martín Reyes
Batting: RHB Alonso Sánchez 0-0: Foul Ball, location: 2F
0-1: Swinging Strike
0-2: Ball
1-2: Foul Ball, location: 2F
1-2: Foul Ball, location: 2F
1-2: SINGLE (Groundball, 6D)
Batting: RHB Lorenzo Martínez 0-0: Ball
1-0: Foul Ball, location: 2F
1-1: Ball
2-1: Foul Ball, location: 2F
2-2: Foul Ball, location: 2F
2-2: Foul Ball, location: 2F
2-2: Foul Ball, location: 2F
2-2: Ball
3-2: Strikes out looking
Alonso Sánchez steals 2nd base
Batter strikes out.
Batting: LHB Germán Charfauros 0-0: Ball
Alonso Sánchez is caught stealing 3rd base
1-0: Swinging Strike
1-1: Swinging Strike
1-2: Strikes out swinging
Top of the 1st over - 0 run(s), 1 hit(s), 0 error(s), 0 left on base; Santa Monica 0 - Houston 0
BOTTOM OF THE 1ST
Houston Hammertime batting - Pitching for Santa Monica Bruins : RHP Sloan Otto
Pitching: RHP Sloan Otto
Batting: RHB John Pick 0-0: Ball
1-0: Ball
2-0: Ball
3-0: Called Strike
3-1: SINGLE (Groundball, 56D)
Batting: LHB José Villegas 0-0: Ball
1-0: Ball
Wild Pitch!
John Pick to second
2-0: Called Strike
2-1: Called Strike
2-2: Fly out, F8 (Line Drive, 8RM)
Batting: RHB Buck Jones 0-0: Called Strike
0-1: Swinging Strike
0-2: SINGLE (Line Drive, 7S)
John Pick to third
Batting: SHB Cristo Ontiveros 0-0: Ball
1-0: Ball
2-0: Called Strike
2-1: Grounds into double play, 4-6-3 (Groundball, 4)
Bottom of the 1st over - 0 run(s), 2 hit(s), 0 error(s), 1 left on base; Santa Monica 0 - Houston 0
TOP OF THE 2ND
Santa Monica Bruins batting - Pitching for Houston Hammertime : LHP Martín Reyes
Batting: RHB Danny Crouch 0-0: Ball
1-0: Fly out, F2 (Popup, 2LF)
Batting: RHB Javier Deleón 0-0: Fly out, F8 (Flyball, 8LXD)
Batting: LHB Matsusuke Yamasaki 0-0: Swinging Strike
0-1: Foul Ball, location: 2F
0-2: Ball
1-2: Ball
2-2: Ball
3-2: Foul Ball, location: 2F
3-2: Fly out, F6 (Popup, 6D)
Top of the 2nd over - 0 run(s), 0 hit(s), 0 error(s), 0 left on base; Santa Monica 0 - Houston 0
BOTTOM OF THE 2ND
Houston Hammertime batting - Pitching for Santa Monica Bruins : RHP Sloan Otto
Batting: RHB Luis Barzaga 0-0: Reached on error, E5 (Groundball, 56S)
Batting: LHB Fernando Camacho 0-0: Foul Ball, location: 2F
0-1: Called Strike
0-2: Ball
1-2: Ground out 4-3 (Groundball, 34)
Luis Barzaga to third
Batting: RHB Emílio Carrillo 0-0: Foul Ball, location: 2F
0-1: Foul Ball, location: 2F
0-2: Strikes out looking
Batting: LHB Felipe Cruz 0-0: Ball
1-0: Swinging Strike
1-1: SINGLE (Line Drive, 3D)
Luis Barzaga scores
Batting: RHB Gerald Burnett 0-0: SINGLE (Line Drive, 78M)
Felipe Cruz to second
Batting: RHB John Pick 0-0: Ball
1-0: Called Strike
1-1: Ball
2-1: Foul Ball, location: 2F
2-2: Ball
3-2: Ground out 6-3 (Groundball, 56)
Bottom of the 2nd over - 1 run(s), 2 hit(s), 1 error(s), 2 left on base; Santa Monica 0 - Houston 1
TOP OF THE 3RD
Santa Monica Bruins batting - Pitching for Houston Hammertime : LHP Martín Reyes
Batting: RHB Mario Martínez 0-0: Ball
1-0: Ball
2-0: Called Strike
2-1: Foul Ball, location: 2F
2-2: Ball
3-2: Fly out, F6 (Popup, 6D)
Batting: RHB Beco Lombo 0-0: Called Strike
0-1: Ball
1-1: Foul Ball, location: 2F
1-2: SINGLE (Groundball, 6MD)
Batting: RHB Pablo Peña 0-0: Foul Ball, location: 2F
0-1: Ball
1-1: Called Strike
1-2: Foul Ball, location: 2F
1-2: Strikes out swinging
Batting: RHB Alonso Sánchez 0-0: SINGLE (Groundball, 34D)
Beco Lombo to second
Runner from 2nd tries for 3rd, SAFE, no throw or cutoff
Batting: RHB Lorenzo Martínez 0-0: Foul Ball, location: 2F
0-1: Called Strike
0-2: Ball
1-2: Foul Ball, location: 2F
1-2: Fly out, F7 (Flyball, 7LM)
Top of the 3rd over - 0 run(s), 2 hit(s), 0 error(s), 2 left on base; Santa Monica 0 - Houston 1
BOTTOM OF THE 3RD
Houston Hammertime batting - Pitching for Santa Monica Bruins : RHP Sloan Otto
Batting: LHB José Villegas 0-0: Ball
1-0: DOUBLE (Groundball, 3L)
Batting: RHB Buck Jones 0-0: Called Strike
0-1: Fly out, F7 (Flyball, 78XD)
Runner from 2nd tags up, SAFE at 3rd, no throw
Batting: SHB Cristo Ontiveros 0-0: Ball
1-0: Called Strike
1-1: Ball
2-1: Foul Ball, location: 2F
2-2: Foul Ball, location: 2F
2-2: Ball
3-2: Fly out, F9 (Flyball, 9D)
Runner from 3rd tags up, SCORES, no throw
Batting: RHB Luis Barzaga 0-0: Ground out 4-3 (Groundball, 4)
Bottom of the 3rd over - 1 run(s), 1 hit(s), 0 error(s), 0 left on base; Santa Monica 0 - Houston 2
TOP OF THE 4TH
Santa Monica Bruins batting - Pitching for Houston Hammertime : LHP Martín Reyes
Batting: LHB Germán Charfauros 0-0: Called Strike
0-1: Called Strike
0-2: Ball
1-2: Ball
2-2: Foul Ball, location: 2F
2-2: Strikes out swinging
Batting: RHB Danny Crouch 0-0: DOUBLE (Line Drive, 9LM)
Batting: RHB Javier Deleón 0-0: Ball
1-0: SINGLE (Groundball, 56D)
Danny Crouch to third
Runner from 3rd tries for Home, throw and OUT!
Batting: LHB Matsusuke Yamasaki 0-0: Called Strike
0-1: Foul Ball, location: 2F
0-2: Ball
1-2: Strikes out swinging
Top of the 4th over - 0 run(s), 2 hit(s), 0 error(s), 1 left on base; Santa Monica 0 - Houston 2
BOTTOM OF THE 4TH
Houston Hammertime batting - Pitching for Santa Monica Bruins : RHP Sloan Otto
Batting: LHB Fernando Camacho 0-0: Foul Ball, location: 2F
0-1: Swinging Strike
0-2: Foul Ball, location: 2F
0-2: Foul Ball, location: 2F
0-2: Ball
1-2: Foul Ball, location: 2F
1-2: Foul Ball, location: 2F
1-2: Ground out U3 (Groundball, 3S)
Batting: RHB Emílio Carrillo 0-0: Fly out, F9 (Flyball, 9LDF)
Batting: LHB Felipe Cruz 0-0: Called Strike
0-1: Ball
1-1: Ball
2-1: Ball
3-1: Foul Ball, location: 2F
3-2: Foul Ball, location: 2F
3-2: Fly out, F8 (Flyball, 78M)
Bottom of the 4th over - 0 run(s), 0 hit(s), 0 error(s), 0 left on base; Santa Monica 0 - Houston 2
TOP OF THE 5TH
Santa Monica Bruins batting - Pitching for Houston Hammertime : LHP Martín Reyes
Batting: RHB Mario Martínez 0-0: Foul Ball, location: 2F
0-1: Foul Ball, location: 2F
0-2: Ball
1-2: Fly out, F7 (Flyball, 78S)
Batting: RHB Beco Lombo 0-0: Called Strike
0-1: Ball
1-1: Ball
2-1: Foul Ball, location: 2F
2-2: Strikes out swinging
Batting: RHB Pablo Peña 0-0: Ball
1-0: Ball
2-0: Called Strike
2-1: Ball
3-1: Base on Balls
Batting: RHB Alonso Sánchez 0-0: Ball
1-0: Ball
2-0: Ball
3-0: Base on Balls
Pablo Peña to second
Batting: RHB Lorenzo Martínez 0-0: Ball
1-0: Foul Ball, location: 2F
1-1: Swinging Strike
1-2: Ground out 4-3 (Groundball, 34)
Top of the 5th over - 0 run(s), 0 hit(s), 0 error(s), 2 left on base; Santa Monica 0 - Houston 2
BOTTOM OF THE 5TH
Houston Hammertime batting - Pitching for Santa Monica Bruins : RHP Sloan Otto
Batting: RHB Gerald Burnett 0-0: SOLO HOME RUN (Flyball, 7D), Distance : 345 ft
Batting: RHB John Pick 0-0: Fly out, F8 (Flyball, 8LM)
Batting: LHB José Villegas 0-0: Ball
1-0: Ball
2-0: Foul Ball, location: 2F
2-1: Foul Ball, location: 2F
2-2: SINGLE (Groundball, 4MD)
Batting: RHB Buck Jones 0-0: Called Strike
0-1: Fly out, F7 (Flyball, 78S)
Batting: SHB Cristo Ontiveros 0-0: Called Strike
0-1: SINGLE (Line Drive, 7LS)
José Villegas to second
Batting: RHB Luis Barzaga 0-0: Called Strike
0-1: Swinging Strike
0-2: Foul Ball, location: 2F
0-2: Hit by Pitch
José Villegas to third
Cristo Ontiveros to second
Batting: LHB Fernando Camacho 0-0: Ball
1-0: Called Strike
1-1: Foul Ball, location: 2F
1-2: Foul Ball, location: 2F
1-2: Foul Ball, location: 2F
1-2: Ground out 3-1 (Groundball, 34)
Bottom of the 5th over - 1 run(s), 3 hit(s), 0 error(s), 3 left on base; Santa Monica 0 - Houston 3
TOP OF THE 6TH
Santa Monica Bruins batting - Pitching for Houston Hammertime : LHP Martín Reyes
Batting: LHB Germán Charfauros 0-0: Ball
1-0: Ball
2-0: Swinging Strike
2-1: Foul Ball, location: 2F
2-2: Fly out, F7 (Popup, 7M)
Batting: RHB Danny Crouch 0-0: Swinging Strike
0-1: Called Strike
0-2: Ball
1-2: Foul Ball, location: 2F
1-2: Foul Ball, location: 2F
1-2: Ball
2-2: Strikes out swinging
Batting: RHB Javier Deleón 0-0: Swinging Strike
0-1: Called Strike
0-2: Ball
1-2: Strikes out swinging
Top of the 6th over - 0 run(s), 0 hit(s), 0 error(s), 0 left on base; Santa Monica 0 - Houston 3
BOTTOM OF THE 6TH
Houston Hammertime batting - Pitching for Santa Monica Bruins : RHP Sloan Otto
Batting: RHB Emílio Carrillo 0-0: Ball
1-0: Foul Ball, location: 2F
1-1: SINGLE (Groundball, 6MD)
Batting: LHB Felipe Cruz 0-0: Ball
1-0: Fielders Choice at 2nd, 6-4 (Groundball, 6M)
Batting: RHB Gerald Burnett 0-0: Ball
1-0: Swinging Strike
1-1: Ball
2-1: SINGLE (Groundball, 6MD)
Felipe Cruz to second
Batting: RHB John Pick 0-0: Ground out 5-3 (Groundball, 5S)
Felipe Cruz to third
Gerald Burnett to second
Batting: LHB José Villegas 0-0: Ball
1-0: Ball
2-0: Fly out, F8 (Line Drive, 8RM)
Bottom of the 6th over - 0 run(s), 2 hit(s), 0 error(s), 2 left on base; Santa Monica 0 - Houston 3
TOP OF THE 7TH
Santa Monica Bruins batting - Pitching for Houston Hammertime : LHP Martín Reyes
Pitching: RHP Lorenzo Ramos
Batting: LHB Matsusuke Yamasaki 0-0: Ball
1-0: Ball
2-0: Ball
3-0: Swinging Strike
3-1: Base on Balls
Batting: RHB Mario Martínez 0-0: Called Strike
0-1: Ball
1-1: Swinging Strike
1-2: Ball
2-2: Ball
3-2: Base on Balls
Matsusuke Yamasaki to second
Batting: RHB Beco Lombo 0-0: Fly out, F7 (Line Drive, 78XD)
Runner from 2nd tags up, SAFE at 3rd, no throw
Batting: RHB Pablo Peña 0-0: Called Strike
0-1: Ball
1-1: Ball
2-1: Foul Ball, location: 2F
2-2: SINGLE (Line Drive, 8LS)
Matsusuke Yamasaki scores
Mario Martínez to second
Pinch Hitting: RHB Motoshige Yagi 0-0: Ball
1-0: Called Strike
1-1: Swinging Strike
1-2: Foul Ball, location: 2F
1-2: Ball
2-2: Strikes out swinging
Pinch Hitting: LHB Patrick Osborne 0-0: Called Strike
0-1: Swinging Strike
0-2: Ball
1-2: Strikes out looking
Top of the 7th over - 1 run(s), 1 hit(s), 0 error(s), 2 left on base; Santa Monica 1 - Houston 3
BOTTOM OF THE 7TH
Houston Hammertime batting - Pitching for Santa Monica Bruins : RHP Sloan Otto
Now at 2B: Kuniaki Kawashima
Now in LF: Motoshige Yagi
Batting: RHB Buck Jones 0-0: Foul Ball, location: 2F
0-1: Ball
1-1: Fly out, F9 (Flyball, 9M)
Pitching: RHP Estefan Jiménez
Batting: SHB Cristo Ontiveros 0-0: Called Strike
0-1: Swinging Strike
0-2: Ball
1-2: Foul Ball, location: 2F
1-2: Ground out 4-3 (Groundball, 4)
Batting: RHB Luis Barzaga 0-0: Ball
1-0: Ball
2-0: Ground out 6-3 (Groundball, 6)
Bottom of the 7th over - 0 run(s), 0 hit(s), 0 error(s), 0 left on base; Santa Monica 1 - Houston 3
TOP OF THE 8TH
Santa Monica Bruins batting - Pitching for Houston Hammertime : RHP Lorenzo Ramos
Batting: LHB Germán Charfauros 0-0: Ball
1-0: Swinging Strike
1-1: Ball
2-1: Swinging Strike
2-2: Strikes out looking
Batting: RHB Danny Crouch 0-0: Ball
1-0: Swinging Strike
1-1: Foul Ball, location: 2F
1-2: Ball
2-2: Strikes out looking
Pitching: RHP Ricardo Ontiveros
Batting: RHB Javier Deleón 0-0: Foul Ball, location: 2F
0-1: Called Strike
0-2: Ball
1-2: Ball
2-2: Strikes out swinging
Top of the 8th over - 0 run(s), 0 hit(s), 0 error(s), 0 left on base; Santa Monica 1 - Houston 3
BOTTOM OF THE 8TH
Houston Hammertime batting - Pitching for Santa Monica Bruins : RHP Estefan Jiménez
Batting: LHB Fernando Camacho 0-0: Ball
1-0: Ground out 1-3 (Groundball, 13)
Batting: RHB Emílio Carrillo 0-0: Called Strike
0-1: Ball
1-1: Fly out, F9 (Flyball, 9LM)
Batting: LHB Felipe Cruz 0-0: Ball
1-0: Called Strike
1-1: Swinging Strike
1-2: Fly out, F5 (Popup, 25F)
Bottom of the 8th over - 0 run(s), 0 hit(s), 0 error(s), 0 left on base; Santa Monica 1 - Houston 3
TOP OF THE 9TH
Santa Monica Bruins batting - Pitching for Houston Hammertime : RHP Ricardo Ontiveros
Pitching: RHP António Mata
Batting: LHB Matsusuke Yamasaki 0-0: Foul Ball, location: 2F
0-1: Swinging Strike
0-2: Fly out, F6 (Line Drive, 6)
Batting: RHB Mario Martínez 0-0: Fly out, F6 (Popup, 56D)
Batting: RHB Beco Lombo 0-0: Foul Ball, location: 2F
0-1: Ball
1-1: Foul Ball, location: 2F
1-2: Strikes out swinging
Top of the 9th over - 0 run(s), 0 hit(s), 0 error(s), 0 left on base; Santa Monica 1 - Houston 3
This league is powered by Out of the Park Baseball, the baseball management simulation game for PC, Mac and Linux
Wednesday, December 2nd, 2015 - OOTP Baseball 16.8 Build 38